[Event "Titled Tuesday Blitz May 16 Early 2023"]
[White "Smietanska, Wiktoria"]
[Black "Pandey Srishti"]
[WhiteFideId "21869359"]
[BlackFideId "35093290"]
[WhiteElo "1995"]
[BlackElo "2123"]
[Result "1/2-1/2"]
[Round "07"]
[TimeControl "180+2"]
[Date "2023.05.16"]
[WhiteClock "0:00:04"]
[BlackClock "0:00:29"]

1. c4 e5 2. Nc3 d6 3. d4 exd4 4. Qxd4 Nc6 5. Qd2 g6 6. Nf3 Bg7 7. g3 Nf6 8. Bg2 O-O 9. O-O Re8 10. b3 Ne4 11. Nxe4 Bxa1 12. Nc3 Bxc3 13. Qxc3 Ne5 14. Bb2 Qf6 15. Nd2 Bf5 16. f4 Ng4 17. Qxf6 Nxf6 18. Bxf6 Rxe2 19. Bc3 Rae8 20. Bxb7 Bh3 21. Rd1 R8e3 22. Ba5 c5 23. Bf3 Rxd2 24. Rxd2 Rxf3 25. Rd1 h5 26. Bc7 Rc3 27. Bxd6 Rc2 28. Bxc5 Rg2+ 29. Kh1 Rxa2 30. Kg1 Rg2+ 31. Kh1 Rb2 32. b4 Kh7 33. Rc1 a6 34. Be7 Bg2+ 35. Kg1 Bc6 36. Bf6 Rg2+ 37. Kf1 Rxh2 38. Re1 Rh1+ 39. Kf2 Rxe1 40. Kxe1 Kg8 41. Kd2 Kf8 42. Kd3 Ke8 43. Kd4 Kd7 44. Kc5 Bf3 45. Kb6 Be2 46. c5 Bb5 47. Bg5 Bc4 48. c6+ Kc8 49. Kc5 Bd3 50. Kd6 Bc4 51. Ke7 Kc7 52. Kf6 Kxc6 53. Ke5 Kb5 54. Be7 Be6 55. Kf6 Kc4 56. Kg5 Kd3 57. Kh4 Ke4 58. Bf6 Kf3 59. Be7 Bd5 60. Bf6 Ke4 61. Kg5 Kd3 62. Be7 Kc4 63. Kh4 Be6 64. Kg5 Kb5 65. Kh4 Kc6 66. Kg5 Kd7 67. Bf6 Kd6 68. Kh4 Kd5 69. Kg5 Bg4 70. Kh4 Ke6 71. Kg5 Be2 72. Bd8 Bd1 73. Bf6 Kd5 74. Be7 Ke4 75. Kf6 Bb3 76. Kg5 Kf3 77. Kh4 Be6 78. Bf6 Ke4 79. Kg5 Bb3 80. Be7 Kf3 81. Kh4 Bd5 82. Bf6 Ke4 83. Bg5 Kf5 84. Be7 f6 85. Bd8 Bf3 86. Be7 g5+ 87. fxg5 fxg5+ 88. Bxg5 Bg4 89. Be7 Ke4 90. Bd6 Kd5 91. Be7 Kc4 92. Bc5 Kc3 93. Be7 Kd3 94. Bd6 Ke4 95. Bf8 Kd5 96. Be7 Kc6 97. Bf8 Kb5 98. Be7 Kb6 99. Bf8 Kb5 100. Be7 Kc4 101. Bf8 Kb3 102. Be7 Ka4 103. Bf8 a5 104. bxa5 Kxa5 105. Kg5 Kb5 106. Kh4 Kc6 107. Kg5 Kd5 108. Kh4 Ke6 109. Bh6 Kf5 110. Bf4 Ke4 111. Bg5 Kf3 112. Bd8 Kg2 1/2-1/2


[Site "https://www.chess.com"]

[Event "Titled Tuesday Blitz May 16 Early 2023"]
[White "Gatterer, Florian"]
[Black "Tarnowska, Aleksandra"]
[WhiteFideId "811688"]
[BlackFideId "1180967"]
[WhiteElo "2221"]
[BlackElo "1776"]
[Result "1-0"]
[Round "07"]
[TimeControl "180+2"]
[Date "2023.05.16"]
[WhiteClock "0:01:37"]
[BlackClock "0:00:02"]

1. d4 d5 2. Nf3 Nf6 3. Bf4 e6 4. e3 Be7 5. Ne5 O-O 6. Bd3 c5 7. c3 Nc6 8. Nd2 Qb6 9. Rb1 c4 10. Bc2 Qa5 11. a3 h6 12. O-O Bd7 13. Nxd7 Nxd7 14. e4 e5 15. exd5 exf4 16. dxc6 bxc6 17. Qf3 Rac8 18. Nxc4 Qg5 19. Rfe1 Bf6 20. Qh3 Nb6 21. Nd6 Rc7 22. Ne4 Qh4 23. Qf5 Bg5 24. Nf6+ gxf6 25. Qh7# 1-0


[Site "https://www.chess.com"]

[Event "Titled Tuesday Blitz May 16 Early 2023"]
[White "Matveeva, Olga"]
[Black "Winkels, Marcel"]
[WhiteFideId "24107018"]
[BlackFideId "1003887"]
[WhiteElo "2009"]
[BlackElo "1900"]
[Result "1-0"]
[Round "07"]
[TimeControl "180+2"]
[Date "2023.05.16"]
[WhiteClock "0:01:06"]
[BlackClock "0:00:00"]

1. d4 Nf6 2. c4 g6 3. Nc3 d5 4. cxd5 Nxd5 5. Bd2 Bg7 6. e4 Nxc3 7. Bxc3 c5 8. d5 Bxc3+ 9. bxc3 Qa5 10. Qd2 O-O 11. Be2 b6 12. Nf3 Ba6 13. Rc1 Bxe2 14. Qxe2 Nd7 15. O-O b5 16. Qd2 c4 17. e5 Qb6 18. Qh6 Rfd8 19. Ng5 Nf8 20. Rfd1 Rd7 21. Nxf7 Kxf7 22. e6+ Kg8 23. exd7 Nxd7 24. Rd4 Rf8 25. Re1 Rf7 26. h4 Nf6 27. Qe3 a5 28. Qe6 Qa7 29. d6 exd6 30. Rxd6 Kg7 31. Qe3 Qc7 32. Qd4 b4 33. Ree6 1-0


[Site "https://www.chess.com"]

[Event "Titled Tuesday Blitz May 16 Early 2023"]
[White "Jaivardhan Raj"]
[Black "Goswami, Vedant"]
[WhiteFideId "25744437"]
[BlackFideId "5003725"]
[WhiteElo "1772"]
[BlackElo "2011"]
[Result "1/2-1/2"]
[Round "07"]
[TimeControl "180+2"]
[Date "2023.05.16"]
[WhiteClock "0:00:17"]
[BlackClock "0:00:13"]

1. e4 g6 2. d4 d6 3. Nf3 Bg7 4. Nc3 c6 5. Bf4 Bg4 6. Qd2 Bxf3 7. gxf3 Nd7 8. O-O-O Qa5 9. Kb1 O-O-O 10. h4 h5 11. Bh3 Bh6 12. Bxh6 Nxh6 13. Qd3 e6 14. f4 Ng4 15. Qg3 f5 16. f3 Ne3 17. Rd3 Nc4 18. Qxg6 Qb4 19. Nd1 Kc7 20. Qxe6 fxe4 21. fxe4 Rhe8 22. Qf5 Nd2+ 23. Kc1 Nxe4 24. a3 Qc4 25. Re1 d5 26. Ne3 Qa2 27. Kd1 Nf2+ 28. Ke2 Nxd3 29. Kxd3 Qxb2 30. Nxd5+ cxd5 31. Rxe8 Qxa3+ 32. Kd2 Qb4+ 33. Kc1 Qa3+ 34. Kd2 Qb4+ 35. Kc1 Qa3+ 36. Kd2 1/2-1/2


[Site "https://www.chess.com"]

[Event "Titled Tuesday Blitz May 16 Early 2023"]
[White "Li, Hui"]
[Black "KSho99"]
[WhiteFideId "15400310"]
[WhiteElo "1966"]
[BlackElo "2161"]
[Result "0-1"]
[Round "07"]
[TimeControl "180+2"]
[Date "2023.05.16"]
[WhiteClock "0:00:03"]
[BlackClock "0:00:06"]

1. e4 e6 2. d4 d5 3. Nd2 Be7 4. Bd3 c5 5. dxc5 Nf6 6. Qe2 Nc6 7. Ngf3 O-O 8. O-O Nb4 9. e5 Nd7 10. Nb3 Nxd3 11. Qxd3 Qc7 12. Bg5 Nxe5 13. Nxe5 Bxg5 14. f4 Be7 15. Qe3 b6 16. cxb6 Qxb6 17. Qxb6 axb6 18. a3 Ba6 19. Rfd1 Rfc8 20. c3 g5 21. g3 Bb5 22. Nd4 Be8 23. Rf1 f6 24. Nd3 gxf4 25. gxf4 Bg6 26. Rad1 Kf7 27. f5 exf5 28. Nxf5 Bc5+ 29. Nxc5 Rxc5 30. Nd4 Be4 31. Kf2 Rg8 32. Rg1 Rcc8 33. Rxg8 Rxg8 34. Rg1 Rxg1 35. Kxg1 f5 36. Kf2 f4 37. Ne2 f3 38. Nd4 Kf6 39. Nxf3 Kf5 40. Nd4+ Kf4 41. b4 Kg4 42. a4 Kh3 43. Kg1 Bd3 44. a5 bxa5 45. bxa5 Ba6 46. Nc6 Kg4 47. Nb4 Bb7 48. a6 Ba8 49. Kf2 Kf4 50. Nc6 Bxc6 51. Ke2 Ke4 52. Kd2 h5 53. a7 Ba8 54. Ke2 h4 55. Kd2 Kf4 56. Ke2 Kg4 57. Kf2 Kh3 58. Kg1 Bb7 59. Kf1 Kxh2 60. Kf2 Ba8 61. Kf1 h3 62. Kf2 Bb7 63. Kf1 Kg3 64. Kg1 h2+ 65. Kh1 d4# 0-1


[Site "https://www.chess.com"]

[Event "Titled Tuesday Blitz May 16 Early 2023"]
[White "Topalov, Aleksandar"]
[Black "Brown, Raehanna"]
[WhiteFideId "925659"]
[BlackFideId "7402740"]
[WhiteElo "2151"]
[BlackElo "1655"]
[Result "1-0"]
[Round "07"]
[TimeControl "180+2"]
[Date "2023.05.16"]
[WhiteClock "0:01:13"]
[BlackClock "0:00:12"]

1. b3 Nf6 2. Bb2 g6 3. Bxf6 exf6 4. c4 Bg7 5. Nc3 O-O 6. e3 b6 7. Be2 Bb7 8. Bf3 c6 9. Nge2 Na6 10. d4 d5 11. cxd5 cxd5 12. O-O Rc8 13. g3 Qd7 14. Rc1 Nb8 15. Nf4 h5 16. Bg2 Rxc3 17. Rxc3 Na6 18. Qf3 Rd8 19. a3 Nc7 20. Rc2 Nb5 21. a4 Nd6 22. Rfc1 Ba8 23. Rc7 Qf5 24. Nxd5 Nc8 25. Qxf5 gxf5 26. Rxc8 1-0


[Site "https://www.chess.com"]

[Event "Titled Tuesday Blitz May 16 Early 2023"]
[White "dDobravcan"]
[Black "Fernandez Siles, Luis"]
[BlackFideId "2209420"]
[WhiteElo "2139"]
[BlackElo "2195"]
[Result "1-0"]
[Round "07"]
[TimeControl "180+2"]
[Date "2023.05.16"]
[WhiteClock "0:01:52"]
[BlackClock "0:00:28"]

1. d4 Nf6 2. Nc3 d5 3. Bf4 c5 4. e4 Nxe4 5. Nxe4 dxe4 6. d5 Nd7 7. Qd2 g6 8. O-O-O Bg7 9. Bh6 Bxh6 10. Qxh6 Nf6 11. f3 exf3 12. Nxf3 Bg4 13. Bb5+ Bd7 14. Bxd7+ Qxd7 15. Ne5 Qa4 16. Kb1 Nd7 17. b3 Qg4 18. Nxg4 1-0


[Site "https://www.chess.com"]

[Event "Titled Tuesday Blitz May 16 Early 2023"]
[White "Skaric, Djuro"]
[Black "ritanovikova"]
[WhiteFideId "934569"]
[WhiteElo "2282"]
[BlackElo "2131"]
[Result "1/2-1/2"]
[Round "07"]
[TimeControl "180+2"]
[Date "2023.05.16"]
[WhiteClock "0:00:30"]
[BlackClock "0:00:17"]

1. g3 d5 2. Bg2 e5 3. d3 Nf6 4. Nf3 e4 5. dxe4 dxe4 6. Qxd8+ Kxd8 7. Ng5 Be6 8. Nxe4 Nxe4 9. Bxe4 c6 10. Bd2 Kc7 11. Nc3 Nd7 12. a3 Nf6 13. Bf3 Bc5 14. O-O h6 15. Rad1 g5 16. Ne4 Nxe4 17. Bxe4 f5 18. Bg2 Bc4 19. Rfe1 Rhe8 20. e4 fxe4 21. Rxe4 Rxe4 22. Bxe4 Rd8 23. Ba5+ b6 24. Rxd8 Kxd8 25. Bc3 Kd7 26. Bg7 h5 27. b4 Be7 28. Bd4 a5 29. c3 axb4 30. axb4 c5 31. bxc5 bxc5 32. Be3 Be6 33. f4 gxf4 34. gxf4 Bf6 35. Bd2 Kd6 36. Kf2 Bd5 37. Ke3 Bf7 38. Kf3 Be6 39. f5 Bf7 40. Bd3 Kd5 41. Kf4 c4 42. Be4+ Kc5 43. Bf3 Kb5 44. Ke4 Ka4 45. Bd1+ Ka3 46. Bc1+ Ka2 47. h4 Kb1 48. Bg5 Bxc3 49. f6 Be1 50. Ke5 c3 51. Kd6 c2 52. Bxc2+ Kxc2 53. Ke7 Bg6 54. f7 Bxf7 55. Kxf7 Bxh4 56. Bxh4 Kd3 57. Kg6 Ke4 58. Kxh5 1/2-1/2


[Site "https://www.chess.com"]

[Event "Titled Tuesday Blitz May 16 Early 2023"]
[White "Sailer, Mike"]
[Black "Roberz12"]
[WhiteFideId "2012901"]
[WhiteElo "2109"]
[BlackElo "2351"]
[Result "1-0"]
[Round "07"]
[TimeControl "180+2"]
[Date "2023.05.16"]
[WhiteClock "0:00:09"]
[BlackClock "0:01:12"]

1. d4 d5 2. Bg5 c5 3. dxc5 h6 4. Bd2 e5 5. b4 g5 6. g3 Bg7 7. Bg2 e4 8. c3 a5 9. b5 Qc7 10. Be3 Nd7 11. Qxd5 Ne7 12. Qc4 f5 13. Nd2 Ne5 14. Qa4 Nd5 15. Bd4 Bd7 16. Nc4 O-O 17. Nxe5 Bxe5 18. Bxe5 Qxe5 19. Qd4 Qxd4 20. cxd4 Bxb5 21. Rb1 Bc6 22. e3 a4 23. Ne2 Ra5 24. Kd2 Rfa8 25. a3 Kf7 26. Nc3 Ke6 27. Nxd5 Kxd5 28. f3 Ke6 29. fxe4 Bxe4 30. Bxe4 fxe4 31. Rb6+ Kd5 32. Rd6+ Kc4 33. Rc1+ Kb3 34. Rb6+ Ka2 35. Kc2 Kxa3 36. Ra1# 1-0


[Site "https://www.chess.com"]

[Event "Titled Tuesday Blitz May 16 Early 2023"]
[White "Melikhov, Evgeny V."]
[Black "Maluco_do_Natal_00"]
[WhiteFideId "4122046"]
[WhiteElo "2158"]
[BlackElo "2031"]
[Result "1-0"]
[Round "07"]
[TimeControl "180+2"]
[Date "2023.05.16"]
[WhiteClock "0:00:01"]
[BlackClock "0:00:00"]

1. d4 d5 2. c4 c6 3. Nc3 Nf6 4. e3 g6 5. Nf3 Bg7 6. Be2 O-O 7. O-O a6 8. c5 Nbd7 9. Na4 Re8 10. Bd2 e5 11. dxe5 Ng4 12. Bc3 Ngxe5 13. Nxe5 Bxe5 14. Bxe5 Rxe5 15. Qd4 Re4 16. Qc3 Rxa4 17. b4 a5 18. b5 Qe7 19. Rfc1 Rb4 20. a3 Re4 21. Bd3 Re6 22. Rab1 Ne5 23. Be2 Bd7 24. a4 h5 25. h3 Be8 26. Rd1 Nd7 27. bxc6 bxc6 28. Rdc1 Nf6 29. Rb6 Ne4 30. Qd4 Qf6 31. Ba6 Qxd4 32. exd4 Kg7 33. f3 Ng5 34. h4 Nh7 35. Kf2 Nf8 36. Rcb1 Nd7 37. Bb7 Nxb6 38. cxb6 Rb8 39. Ba6 Kf6 40. b7 Bd7 41. g4 hxg4 42. fxg4 Re4 43. g5+ Ke7 44. h5 gxh5 45. Rh1 h4 46. Kf3 h3 47. Kg3 Rxd4 48. Re1+ Re4 49. Rf1 Be6 50. Rc1 Kd6 51. Kf3 Rxa4 52. Re1 Rb4 53. g6 fxg6 54. Rg1 1-0


[Site "https://www.chess.com"]

[Event "Titled Tuesday Blitz May 16 Early 2023"]
[White "Llanos, Guillermo"]
[Black "Sanchez, Robert"]
[WhiteFideId "100358"]
[BlackFideId "2034360"]
[WhiteElo "2225"]
[BlackElo "1872"]
[Result "1-0"]
[Round "07"]
[TimeControl "180+2"]
[Date "2023.05.16"]
[WhiteClock "0:01:27"]
[BlackClock "0:02:25"]

1. Nf3 d5 2. g3 Nc6 3. d4 Bf5 4. Bg2 Qd7 5. c4 e6 6. O-O O-O-O 7. Nc3 h5 8. Nh4 Bh7 9. cxd5 exd5 10. Nxd5 Nge7 11. Nxe7+ Bxe7 12. Nf3 h4 13. Be3 Be4 14. Qa4 Kb8 15. d5 Bxd5 16. Ne5 1-0


[Site "https://www.chess.com"]

[Event "Titled Tuesday Blitz May 16 Early 2023"]
[White "Torres Dominguez, David"]
[Black "Reprintsev, Alexander"]
[WhiteFideId "2220857"]
[BlackFideId "14100541"]
[WhiteElo "1999"]
[BlackElo "2218"]
[Result "0-1"]
[Round "07"]
[TimeControl "180+2"]
[Date "2023.05.16"]
[WhiteClock "0:00:00"]
[BlackClock "0:01:23"]

1. e4 d5 2. exd5 Qxd5 3. Nc3 Qa5 4. Bc4 Nf6 5. d3 Bg4 6. f3 Be6 7. Bxe6 fxe6 8. Ne2 Nc6 9. O-O e5 10. Ng3 e6 11. Nge4 O-O-O 12. Qe2 h6 13. Kh1 Be7 14. Be3 Nd5 15. Bg1 Nf4 16. Qe3 Nd4 17. Rf2 g5 18. a3 Qa6 19. Ng3 Bf6 20. Re1 h5 21. Nge4 Be7 22. Na2 g4 23. Nb4 Qb6 24. c3 Nf5 25. Qc1 c5 26. Rd2 Qc7 27. Qb1 cxb4 28. axb4 gxf3 29. gxf3 Rhg8 30. Qa2 b6 31. Qa6+ Qb7 32. Qb5 Rd5 33. Qa4 Rxd3 34. Rxd3 Nxd3 35. Re2 Nf4 36. Rd2 Rd8 37. Rxd8+ Kxd8 38. Qd1+ Ke8 39. b5 Qd5 40. Qa4 Qd3 0-1


[Site "https://www.chess.com"]

[Event "Titled Tuesday Blitz May 16 Early 2023"]
[White "Przybylski, Wojciech"]
[Black "De Souza, Cristiano Gomes"]
[WhiteFideId "1117599"]
[BlackFideId "2151758"]
[WhiteElo "2222"]
[BlackElo "2068"]
[Result "1-0"]
[Round "07"]
[TimeControl "180+2"]
[Date "2023.05.16"]
[WhiteClock "0:00:11"]
[BlackClock "0:00:46"]

1. d4 Nf6 2. c4 g6 3. Nc3 Bg7 4. e4 d6 5. g3 O-O 6. Bg2 Nc6 7. Nge2 e5 8. d5 Na5 9. b3 c5 10. O-O a6 11. a4 Bd7 12. Re1 Rb8 13. Bf1 b5 14. cxb5 axb5 15. Bg5 b4 16. Na2 h6 17. Bxf6 Bxf6 18. Nec1 Bg7 19. Rb1 f5 20. Bd3 f4 21. Bf1 Qf6 22. Nd3 h5 23. Rb2 h4 24. Bg2 hxg3 25. fxg3 fxg3 26. hxg3 Qg5 27. Qc1 Qxg3 28. Qe3 Qxe3+ 29. Rxe3 Nxb3 30. Rxb3 c4 31. Rxb4 cxd3 32. Rxd3 Rxb4 33. Nxb4 Bxa4 34. Ra3 Bd1 35. Ra6 Rf6 36. Nc6 Bf8 37. Ra8 Kg7 38. Ra7+ Rf7 39. Ra6 Bf3 40. Nd8 Rf4 41. Ne6+ Kg8 42. Nxf4 exf4 43. Bxf3 Bg7 44. Kg2 Be5 45. Kh3 Kg7 46. Kg4 Kf6 47. Ra7 g5 48. Ra8 Bd4 49. Re8 Be5 50. Re6+ Kf7 51. Kxg5 Kg7 52. Kf5 Kf7 53. Rxe5 dxe5 54. Kxe5 Kg6 55. Kxf4 1-0


[Site "https://www.chess.com"]

[Event "Titled Tuesday Blitz May 16 Early 2023"]
[White "Pham, Le Thao Nguyen"]
[Black "Mikhaylova, Irina"]
[WhiteFideId "12401226"]
[BlackFideId "4109040"]
[WhiteElo "2286"]
[BlackElo "1975"]
[Result "1/2-1/2"]
[Round "07"]
[TimeControl "180+2"]
[Date "2023.05.16"]
[WhiteClock "0:00:09"]
[BlackClock "0:00:15"]

1. d4 Nf6 2. Nf3 g6 3. g3 Bg7 4. Bg2 O-O 5. O-O d5 6. c4 c6 7. Qb3 dxc4 8. Qxc4 Be6 9. Qc2 Na6 10. Nc3 Nb4 11. Qa4 a5 12. Bf4 Nfd5 13. a3 Nxf4 14. gxf4 Nd5 15. e3 b5 16. Qc2 b4 17. Na4 Rc8 18. Nc5 Qd6 19. Rfc1 Bg4 20. Nd2 Bf5 21. Qa4 Nxf4 22. exf4 Bxd4 23. Ndb3 Bxb2 24. axb4 Bxa1 25. Rxa1 axb4 26. Qxb4 Rb8 27. Qd4 Rb5 28. Qe3 Rfb8 29. Rc1 Be6 30. Nd2 Rb2 31. Nde4 Qc7 32. Nxe6 fxe6 33. Ng5 Qd6 34. Qh3 h5 35. Qxe6+ Qxe6 36. Nxe6 Re2 37. Nd4 Rd2 38. Nxc6 Rbb2 39. Rf1 Kf7 40. Ne5+ Kf6 41. Nf3 Rdc2 42. Ne5 Rb4 43. Nd3 Rd4 44. Rd1 Rc3 45. Bf1 Ra3 46. Kg2 Rb3 47. Kf3 Ra3 48. Ke3 Rd6 49. Rc1 Re6+ 50. Kf3 Rd6 51. Ke3 Re6+ 52. Kd2 Rd6 53. Rc2 Ra4 54. Ke3 Ra3 55. Rc5 Re6+ 56. Re5 Rxe5+ 57. fxe5+ Kf5 58. Bh3+ Kg5 59. Be6 h4 60. f4+ Kh5 61. Bh3 g5 62. fxg5 Kxg5 63. Bd7 Ra2 64. h3 Ra1 65. Ke4 Ra7 66. Bg4 Ra4+ 67. Kf3 Ra3 68. Ke3 Ra4 69. Nf2 Ra3+ 70. Ke2 Ra2+ 71. Kf3 Ra3+ 72. Kg2 Ra2 73. Kf3 Ra3+ 74. Ke4 Ra4+ 75. Kd5 Ra2 76. Ne4+ Kf4 77. Nc5 Rd2+ 78. Ke6 Re2 79. Nd7 Re4 80. Kxe7 Rxe5+ 81. Nxe5 Kxe5 82. Kf7 Kd6 83. Kf6 Kc7 84. Ke7 Kc6 85. Kf6 Kc7 86. Bf5 Kd8 87. Kf7 Kc7 88. Ke7 Kc6 89. Be4+ Kc5 90. Kf6 Kd6 91. Bf5 Kc5 92. Kg5 Kd6 93. Kf6 Kd5 94. Bg4 Kd6 95. Be6 Kc7 96. Ke7 Kc6 97. Bf5 Kc5 98. Ke6 Kc6 99. Be4+ Kc7 100. Ke7 Kb6 101. Kd6 Kb5 102. Bd3+ Kb4 103. Kd5 Kc3 104. Bf5 Kb4 105. Kd4 Kb5 106. Kd5 Kb6 107. Be4 Kc7 108. Ke6 Kc8 109. Ke7 Kc7 110. Bf5 Kc6 111. Kf6 Kd6 112. Kg5 Ke7 113. Kxh4 Kf8 114. Kg5 Kg7 115. h4 Kh8 116. Kh6 Kg8 117. Be6+ Kh8 118. Bf7 1/2-1/2


[Site "https://www.chess.com"]

[Event "Titled Tuesday Blitz May 16 Early 2023"]
[White "Yonal, Timur"]
[Black "Rodchenkov, Sergey D."]
[WhiteFideId "44115725"]
[BlackFideId "4168712"]
[WhiteElo "1966"]
[BlackElo "2277"]
[Result "0-1"]
[Round "07"]
[TimeControl "180+2"]
[Date "2023.05.16"]
[WhiteClock "0:00:00"]
[BlackClock "0:00:10"]

1. e4 c5 2. Nf3 d6 3. Bb5+ Nd7 4. O-O a6 5. Bd3 Ngf6 6. Re1 b5 7. c3 Bb7 8. Bc2 e6 9. d4 Be7 10. a4 O-O 11. Na3 b4 12. cxb4 cxb4 13. Nc4 Rc8 14. b3 d5 15. exd5 Bxd5 16. Nce5 Nxe5 17. Nxe5 Qc7 18. Ra2 Rfd8 19. Bf4 Qa7 20. Bg5 Ne8 21. Bxh7+ Kf8 22. Be3 Nf6 23. Bb1 Ba8 24. Qe2 Qb7 25. f3 Nd5 26. Bd2 Bf6 27. Qf2 Qa7 28. Kh1 Nc3 29. Bxc3 bxc3 30. Qg3 Qxd4 31. Nxf7 Kxf7 32. Bg6+ Kf8 33. Qh3 Qh4 34. Qxe6 Bd5 35. Qe2 Qg5 0-1


[Site "https://www.chess.com"]

[Event "Titled Tuesday Blitz May 16 Early 2023"]
[White "Grossboss19"]
[Black "Weber, Samuel"]
[BlackFideId "12924008"]
[WhiteElo "2430"]
[BlackElo "2162"]
[Result "0-1"]
[Round "07"]
[TimeControl "180+2"]
[Date "2023.05.16"]
[WhiteClock "0:00:08"]
[BlackClock "0:01:06"]

1. d4 d5 2. c4 e6 3. Nc3 c6 4. b3 Nf6 5. Bb2 Be7 6. e3 O-O 7. Nge2 dxc4 8. bxc4 Nbd7 9. h4 Qa5 10. Qd2 b5 11. Ng3 Bb7 12. c5 Rfd8 13. Qc2 b4 14. Nce2 Ba6 15. Nc1 Bxf1 16. Kxf1 e5 17. Nb3 Qb5+ 18. Qe2 exd4 19. Qxb5 cxb5 20. exd4 a5 21. Re1 Kf8 22. Nf5 a4 23. Nc1 Nd5 24. h5 Bf6 25. g4 h6 26. Kg2 b3 27. axb3 a3 28. Ba1 a2 29. Nd3 Ra3 30. Nc1 Bg5 31. Rh3 Nf4+ 32. Kh2 Nxh3 33. Kxh3 Bxc1 34. Rxc1 Rxb3+ 35. Ne3 Rb1 36. Rf1 Rxf1 37. Nxf1 Nxc5 38. dxc5 Rd1 39. Bc3 Rxf1 40. c6 a1=Q 0-1


[Site "https://www.chess.com"]

[Event "Titled Tuesday Blitz May 16 Early 2023"]
[White "Jiganchine, Roman"]
[Black "Prieto Aranguren, Alain"]
[WhiteFideId "2603667"]
[BlackFideId "2268906"]
[WhiteElo "2252"]
[BlackElo "2209"]
[Result "1-0"]
[Round "07"]
[TimeControl "180+2"]
[Date "2023.05.16"]
[WhiteClock "0:01:42"]
[BlackClock "0:01:29"]

1. e4 c6 2. d4 d5 3. exd5 cxd5 4. Nf3 Nc6 5. c4 Nf6 6. Nc3 g6 7. cxd5 Nxd5 8. Qb3 Nxc3 9. Bc4 Nd5 10. Bxd5 e6 11. Bxc6+ bxc6 12. O-O Qd5 13. Qc3 Bg7 14. Bf4 O-O 15. Be5 Ba6 16. Bxg7 Kxg7 17. Rfe1 f6 18. b3 Rac8 19. Rac1 Rfd8 20. h3 g5 21. Qb4 Qd6 22. Rc5 h5 23. Qa5 Bb7 24. Rxg5+ fxg5 25. Qxg5+ Kh7 26. Qxh5+ Kg7 27. Qg5+ Kh7 28. Re4 Qd5 29. Rh4# 1-0


[Site "https://www.chess.com"]

[Event "Titled Tuesday Blitz May 16 Early 2023"]
[White "stratacticos"]
[Black "Rian, Kapriaga"]
[BlackFideId "7103263"]
[WhiteElo "1888"]
[BlackElo "2318"]
[Result "1/2-1/2"]
[Round "07"]
[TimeControl "180+2"]
[Date "2023.05.16"]
[WhiteClock "0:00:05"]
[BlackClock "0:00:47"]

1. e4 c6 2. d4 d5 3. e5 Bf5 4. Ne2 e6 5. Nf4 c5 6. c3 Nc6 7. Bb5 cxd4 8. Qxd4 Ne7 9. O-O Qd7 10. Qe3 a6 11. Ba4 Ng6 12. Nxg6 Bxg6 13. Nd2 Be7 14. Nf3 h6 15. Nd4 b5 16. Bb3 Nxd4 17. cxd4 O-O 18. f4 Rfc8 19. Bd2 Rc6 20. Rac1 Rac8 21. Rxc6 Rxc6 22. Rc1 Qc8 23. Rxc6 Qxc6 24. Qc3 Qxc3 25. Bxc3 Bd3 26. Kf2 Bc4 27. Bxc4 dxc4 28. Ke3 Kf8 29. d5 exd5 30. Kd4 Ke8 31. Kxd5 Kd7 32. f5 g6 33. g4 h5 34. h3 Bf8 35. Bd4 Be7 36. Bc3 hxg4 37. hxg4 Bf8 38. Bd4 gxf5 39. gxf5 Bb4 40. Bc5 Bd2 41. a4 Bc1 42. axb5 axb5 43. Bd4 Bd2 44. Kc5 b4 45. Kxc4 Kc6 46. e6 fxe6 47. fxe6 Kd6 48. Bc5+ Kxe6 49. Bxb4 Be3 50. Bc5 Bd2 51. b4 Bxb4 1/2-1/2


[Site "https://www.chess.com"]

[Event "Titled Tuesday Blitz May 16 Early 2023"]
[White "Flis, Pawel"]
[Black "KorolDimitriy75"]
[WhiteFideId "1112864"]
[WhiteElo "1822"]
[BlackElo "2484"]
[Result "1-0"]
[Round "07"]
[TimeControl "180+2"]
[Date "2023.05.16"]
[WhiteClock "0:00:14"]
[BlackClock "0:00:00"]

1. e4 c5 2. Nf3 d6 3. d4 cxd4 4. Nxd4 Nf6 5. Nc3 g6 6. Be3 Bg7 7. f3 O-O 8. Qd2 Nc6 9. Bc4 Bd7 10. O-O-O Qa5 11. Kb1 Rfc8 12. Bb3 Ne5 13. h4 b5 14. h5 Nc4 15. Bxc4 bxc4 16. hxg6 fxg6 17. Bh6 Bh8 18. g4 Rab8 19. Ka1 Qb4 20. Qc1 Rc5 21. Nde2 Ra5 22. Nd4 Ra6 23. Rd2 Qa5 24. Nde2 Bxg4 25. fxg4 Nxe4 26. Rd5 Nc5 27. Nd4 Bxd4 28. Rxd4 1-0


[Site "https://www.chess.com"]

[Event "Titled Tuesday Blitz May 16 Early 2023"]
[White "ChawitAp"]
[Black "Onufrienko, Vladislav"]
[BlackFideId "13804332"]
[WhiteElo "2216"]
[BlackElo "1814"]
[Result "0-1"]
[Round "07"]
[TimeControl "180+2"]
[Date "2023.05.16"]
[WhiteClock "0:00:22"]
[BlackClock "0:02:27"]

1. d4 h5 2. c3 h4 3. e4 d5 4. exd5 Qxd5 5. Ne2 e5 6. dxe5 Qxd1+ 7. Kxd1 Nc6 8. Bf4 Bf5 9. Nd2 O-O-O 10. Kc1 Bc5 11. f3 Nge7 12. Nb3 Bb6 13. g4 Bh7 14. Bg5 f6 15. exf6 gxf6 16. Bxf6 Be3+ 17. Nd2 Bxd2+ 18. Kd1 Bxc3+ 19. Nd4 Bxd4 20. Bxd4 Rxd4+ 21. Ke2 Rhd8 22. Kf2 Rd2+ 23. Be2 Nd4 0-1


[Site "https://www.chess.com"]

[Event "Titled Tuesday Blitz May 16 Early 2023"]
[White "DubiousM0ves532"]
[Black "FunnyDuck66"]
[WhiteElo "2424"]
[BlackElo "2213"]
[Result "1-0"]
[Round "07"]
[TimeControl "180+2"]
[Date "2023.05.16"]
[WhiteClock "0:00:11"]
[BlackClock "0:00:11"]

1. Nf3 d5 2. c4 c6 3. cxd5 cxd5 4. d4 Nc6 5. Nc3 Nf6 6. Bf4 a6 7. e3 e6 8. Bd3 Bd6 9. Bg3 O-O 10. O-O b5 11. Rc1 Bxg3 12. hxg3 Bd7 13. Ne2 Rc8 14. Bb1 Na5 15. b3 Rxc1 16. Nxc1 b4 17. Nd3 Bb5 18. Re1 Qd6 19. Nc5 Nd7 20. Nxd7 Bxd7 21. Qd3 g6 22. Ne5 Bb5 23. Qd2 Rc8 24. Rc1 Rxc1+ 25. Qxc1 Nc6 26. Nd3 a5 27. Nc5 Na7 28. Bd3 Qc6 29. Qc2 Bxd3 30. Qxd3 Nb5 31. g4 h6 32. f3 Nc3 33. a4 Qd6 34. f4 g5 35. g3 Kg7 36. Kf2 gxf4 37. gxf4 Qe7 38. Kg3 Qc7 39. Kf3 Qc6 40. Qa6 Qxa6 41. Nxa6 Nxa4 42. Ke2 Nc3+ 43. Kd3 Ne4 44. Nc5 Nf2+ 45. Ke2 Nxg4 46. Nb7 Nf6 47. Nxa5 Ne4 48. Nc6 h5 49. Nxb4 h4 50. Nd3 h3 51. Nf2 Nc3+ 52. Kf3 Nb5 53. Kg3 h2 54. Kxh2 Kf8 55. Nd3 Ke7 56. Kg2 Nc3 57. Kf3 Ne4 58. Nc5 Nd2+ 59. Ke2 Nb1 60. Kd3 Na3 61. b4 Nb5 62. Nb3 Kd6 63. Na5 Na3 64. e4 dxe4+ 65. Kxe4 Nb5 66. Nc4+ Kc6 67. Ne5+ Kb6 68. Nxf7 Nc3+ 69. Ke5 Nd5 70. Nd8 Nxb4 71. Nxe6 Kc6 72. f5 Nd5 73. Nd8+ Kd7 74. Kxd5 Kxd8 75. Ke6 Ke8 76. f6 Kf8 77. d5 Ke8 78. d6 Kf8 79. d7 Kg8 80. d8=Q+ Kh7 81. Qd7+ Kh6 82. Qg7+ Kh5 83. f7 Kh4 84. f8=Q Kh3 85. Qfh8# 1-0


[Site "https://www.chess.com"]

[Event "Titled Tuesday Blitz May 16 Early 2023"]
[White "Guevara Sanchez, Erick Marvin"]
[Black "Kopczynski, Michal"]
[WhiteFideId "6700136"]
[BlackFideId "1124200"]
[WhiteElo "2040"]
[BlackElo "2212"]
[Result "0-1"]
[Round "07"]
[TimeControl "180+2"]
[Date "2023.05.16"]
[WhiteClock "0:00:00"]
[BlackClock "0:00:22"]

1. e4 b6 2. d4 Bb7 3. Nc3 e6 4. f4 Nf6 5. Bd3 d5 6. e5 Ne4 7. Qe2 Qh4+ 8. Kf1 Ng3+ 9. hxg3 Qxh1 10. Kf2 c5 11. Bb5+ Nc6 12. Be3 O-O-O 13. Bxc6 Bxc6 14. Rd1 cxd4 15. Bxd4 Kb7 16. a4 Bc5 17. a5 Bxd4+ 18. Rxd4 bxa5 19. Nb5 Qh6 20. Nd6+ Rxd6 21. exd6 Rd8 22. b4 Rxd6 23. bxa5 Qg6 24. Nf3 f6 25. Rb4+ Kc7 26. Nd4 Qe4 27. Nb5+ Bxb5 28. Qxb5 Qxc2+ 29. Kg1 Kd8 30. Qb8+ Ke7 31. Rb7+ Rd7 32. Rxd7+ Kxd7 33. Qxa7+ Qc7 34. Qd4 Kd6 35. Qb4+ Qc5+ 0-1


[Site "https://www.chess.com"]